 Dungeon Sprint DCSS version 0.24.0 (webtiles) character file.

Game seed: 7351244374745150893, levelgen mode: deterministic

57 TheOrbIsALie the Covert (level 4, -3/40 HPs)
             Began as a Naga Assassin on May 8, 2020.
             Splashed by an oklob sapling priest's acid (11 damage)
             ... in the Dungeon (Sprint IV: "Fedhas' Mad Dash").
             The game lasted 00:00:26 (59 turns).

TheOrbIsALie the Covert (Naga Assassin)               Turns: 59, Time: 00:00:27

Health: -3/40      AC:  0    Str: 13    XL:     4   Next: 0%
Magic:  3/4        EV:  9    Int: 12    God:
Gold:   37         SH:  0    Dex: 13    Spells: 3/3 levels left

rFire    . . .     SeeInvis +   a - +2 dagger
rCold    . . .     Gourm    .   (no shield)
rNeg     . . .     Faith    .   b - +0 robe
rPois    +         Spirit   .   (no helmet)
rElec    .         Reflect  .   c - +0 cloak
rCorr    .         Harm     .   (no gloves)
MR       .....     NoTele   +   (no barding)
Stlth    +++++.....             o - amulet of invisibility {+Inv}
HPRegen  0.13/turn              (no ring)
MPRegen  0.09/turn              (no ring)

@: corroded, very slightly contaminated, invisible (expiring), very slow
A: large, see invisible, deformed body, poison resistance, slowness 2, slow
metabolism 1, spit poison 1, AC +1
a: Spit Poison


You were in the Dungeon.
You were not hungry.

You visited 1 branch You collected 37 gold pieces.

Inventory:

Hand Weapons
 a - a +2 dagger (weapon)
Missiles
 d - 8 poisoned darts (quivered)
 e - 2 curare-tipped darts
Armour
 b - a +0 robe (worn)
 c - a +0 cloak (worn)
Jewellery
 o - the amulet of invisibility (around neck) {+Inv}
   (You found it in the Dungeon)

   [amulet of nothing]

   It lets you turn invisible.
Scrolls
 l - a scroll of blinking
 m - a scroll of fear {unknown}
 p - a scroll of remove curse {unknown}
Potions
 g - a potion of curing
 h - a potion of heal wounds
 i - a potion of haste
 j - 2 potions of magic
 k - a potion of berserk rage
Comestibles
 f - a ration
 n - a chunk of flesh


   Skills:
 + Level 2.7 Fighting
 + Level 2.8 Short Blades
 + Level 2.5 Throwing
 + Level 0.9 Dodging
 + Level 11.3 Stealth


You had 3 spell levels left.
You didn't know any spells.
Your spell library was empty.

Dungeon Overview and Level Annotations

Branches:
Dungeon (1/1)

Altars:
Cheibriados
Dithmenos
Elyvilon
Gozag
Hepliaklqana
Kikubaaqudgha
Makhleb
Nemelex Xobeh
Okawaru
Qazlal
Ru
Sif Muna
Trog
Uskayaw
Vehumet
Wu Jian
Xom
Yredelemnul
Zin
The Shining One
Beogh
Jiyva
Lugonu

Annotations:
D exclusion: oklob sapling


Innate Abilities, Weirdness & Mutations

You cannot wear boots.
Your serpentine skin is tough. (AC +1)
You have supernaturally acute eyesight. (SInv)
Armour fits poorly on your strangely shaped body.
Your system is resistant to poisons. (rPois)
You cover ground very slowly.
You have a slow metabolism.
You can spit poison.


Message History

There is an open door here.
Found three altars.
Found two altars.
Found three altars.
There is an opulent altar of Gozag here.
Found a corrupted altar of Lugonu and a radiant altar of Vehumet.
There is a hazy altar of Hepliaklqana here.
You flicker for a moment.
The oklob sapling priest spits acid at you.
The splash of acid hits you. The acid corrodes you!
You are splashed with acid!
You hit the oklob sapling priest but do no damage.
You hit the oklob sapling priest but do no damage.
The oklob sapling priest begins to cast a cantrip, but forgets the words!
There is a viscous altar of Jiyva here.
You hit the oklob sapling priest but do no damage.
The oklob sapling priest spits acid at you.
The splash of acid hits you!!
* * * LOW HITPOINT WARNING * * *
You are splashed with acid!
You die...

########################
..÷#.....#.⌠._._._._.⌠.#
...'.#)..'.._._.@._._..+
...#.#...#..._._P_._...#
#######+##.._._._._._..#
#._._._._._.⌠.#
###############


You could see an oklob sapling priest.

Vanquished Creatures
  An oklob sapling (D)
  A worker ant (D)
  A river rat (D)
  A rat (D)
4 creatures vanquished.

Notes
Turn   | Place    | Note
-------+----------+-------------------------------------------
     0 | D        | TheOrbIsALie the Naga Assassin began the quest for the Orb.
     0 | D        | Reached XP level 1. HP: 19/19 MP: 1/1
     8 | D        | Reached skill level 8 in Stealth
     8 | D        | Reached XP level 2. HP: 26/26 MP: 2/2
    18 | D        | Noticed an oklob sapling
    19 | D        | Killed an oklob sapling
    19 | D        | Reached skill level 10 in Stealth
    19 | D        | Reached XP level 3. HP: 33/33 MP: 3/3
    27 | D        | Found the amulet of invisibility {+Inv}
    28 | D        | Reached skill level 11 in Stealth
    28 | D        | Reached XP level 4. HP: 40/40 MP: 4/4
    48 | D        | Found an opulent altar of Gozag.
    48 | D        | Found a hazy altar of Hepliaklqana.
    48 | D        | Found a burning altar of Makhleb.
    48 | D        | Found a roughly hewn altar of Beogh.
    48 | D        | Found a sparkling altar of Nemelex Xobeh.
    48 | D        | Found a snail-covered altar of Cheibriados.
    48 | D        | Found a sacrificial altar of Ru.
    48 | D        | Found a shimmering blue altar of Sif Muna.
    48 | D        | Found a shimmering altar of Xom.
    48 | D        | Found a basalt altar of Yredelemnul.
    49 | D        | Found a viscous altar of Jiyva.
    49 | D        | Found a bloodstained altar of Trog.
    49 | D        | Found an ornate altar of the Wu Jian Council.
    49 | D        | Noticed an oklob sapling priest
    50 | D        | Found an iron altar of Okawaru.
    50 | D        | Found a shadowy altar of Dithmenos.
    50 | D        | Found a glowing silver altar of Zin.
    51 | D        | Found an ancient bone altar of Kikubaaqudgha.
    51 | D        | Found a hide-covered altar of Uskayaw.
    52 | D        | Found a stormy altar of Qazlal.
    52 | D        | Found a white marble altar of Elyvilon.
    52 | D        | Found a glowing golden altar of the Shining One.
    53 | D        | Found a corrupted altar of Lugonu.
    53 | D        | Found a radiant altar of Vehumet.
    59 | D        | Splashed by an oklob sapling priest's acid

Levels and vault maps discovered:
D:        dungeon_sprint_fedhas [sprint_temple]
